 Dungeon Crawl Stone Soup version 0.25.1-2-g60ff931df9 (webtiles) character file.

Game seed: 8514392711398864557

121834 CrazyMind the Eclecticist (level 16, -5/132 HPs)
             Began as a Green Draconian Conjurer on Oct 4, 2020.
             Was a High Priest of Vehumet.
             Slain by a wolf spider (21 damage)
             ... on level 3 of the Spider Nest on Oct 11, 2020.
             The game lasted 03:53:00 (37168 turns).

CrazyMind the Eclecticist (DrCj)                   Turns: 37168, Time: 03:53:01

Health: -5/132     AC: 13    Str: 10    XL:     16   Next: 33%
Magic:  35/35      EV: 19    Int: 34    God:    Vehumet [*****.]
Gold:   1472       SH:  0    Dex: 16    Spells: 16/45 levels left

rFire    + + .     SeeInvis .   b - +5 morningstar of Equilibrium {drain, MR+}
rCold    + . .     Gourm    .   Y - +1 buckler {AC+3}
rNeg     . . .     Faith    .   (armour unavailable)
rPois    +         Spirit   .   (helmet restricted)
rElec    .         Reflect  .   Q - scarf {repulsion}
rCorr    .         Harm     .   O - +0 pair of gloves
MR       ++...                  (no boots)
Stlth    +.........             r - amulet "Useunn" {Acrobat rPois rF++ rC+ Dex+3}
HPRegen  0.32/turn              g - +6 ring of intelligence
MPRegen  0.24/turn              F - +6 ring of intelligence

@: confused, lethally poisoned (-5 -> -75), repel missiles
A: breathe noxious fumes, unfitting armour, stinger 1, poison resistance,
cold-blooded, AC +9
a: Breathe Noxious Fumes, Renounce Religion


You were on level 3 of the Spider Nest.
You worshipped Vehumet.
Vehumet was extremely pleased with you.
You were very hungry.

You visited 4 branches of the dungeon, and saw 23 of its levels.
You also visited: Sewer and Bailey.

You collected 1640 gold pieces.
You spent 168 gold pieces at shops.

Inventory:

Hand Weapons
 b - the +5 morningstar of Equilibrium (weapon) {drain, MR+}
   (You took it off an orc knight on level 10 of the Dungeon)

   A truly terrible weapon, it drains the life of those it strikes.
   It affects your resistance to hostile enchantments.
 K - the +8 spear of Autumn {drain, rC- Dex+4 SInv}
   (You found it on level 8 of the Dungeon)

   A truly terrible weapon, it drains the life of those it strikes.
   It affects your dexterity (+4).
   It makes you vulnerable to cold.
   It lets you see invisible.
Missiles
 e - 406 stones
 f - 8 datura-tipped darts
 v - 17 boomerangs (quivered)
 y - 49 poisoned darts
 B - 8 javelins
 G - 22 atropa-tipped darts
 I - 10 curare-tipped darts
 M - 2 throwing nets
Armour
 O - a +0 pair of gloves (worn)
 Q - a scarf of repulsion (worn)
 X - a scarf of resistance
 Y - a +1 buckler of protection (worn)
Magical Staves
 a - an uncursed staff of wizardry
Jewellery
 g - a +6 ring of intelligence (left hand)
 i - an uncursed ring of protection from cold
 r - the amulet "Useunn" (around neck) {Acrobat rPois rF++ rC+ Dex+3}
   (You acquired it on level 1 of the Spider Nest)

   [amulet of the acrobat]

   It helps you evade while moving and waiting.
   It affects your dexterity (+3).
   It greatly protects you from fire.
   It protects you from cold.
   It protects you from poison.
 F - a +6 ring of intelligence (right hand)
 N - an uncursed ring of resist corrosion
Wands
 c - a wand of disintegration (10)
 l - a wand of paralysis (9)
 o - a wand of clouds (12)
 u - a wand of iceblast (16)
 P - a wand of flame (109)
 R - a wand of digging (6)
 S - a wand of polymorph (17)
 T - a wand of acid (10)
Scrolls
 h - 14 scrolls of teleportation
 p - 6 scrolls of fear
 q - 7 scrolls of identify
 A - 3 scrolls of summoning
 E - 2 scrolls of blinking
 J - 6 scrolls of remove curse
 Z - 2 scrolls of fog
Potions
 d - 2 potions of might
 j - a potion of cancellation
 k - 3 potions of magic
 m - 5 potions of heal wounds
 n - 4 potions of flight
 t - 15 potions of curing
 x - a potion of berserk rage {unknown}
 C - a potion of haste {unknown}
 D - 3 potions of mutation
 L - a potion of resistance {unknown}
 U - 2 potions of ambrosia
 V - 6 potions of brilliance
Miscellaneous
 s - a phantom mirror
 W - 2 boxes of beasts
Comestibles
 w - 31 rations


   Skills:
 + Level 9.0 Fighting
 - Level 5.0 Maces & Flails
 - Level 2.0 Throwing
 + Level 9.6 Dodging
 - Level 2.0 Stealth
 + Level 5.0 Shields
 + Level 15.3 Spellcasting
 + Level 14.2 Conjurations
 - Level 1.0 Hexes
 + Level 3.4 Fire Magic
 * Level 8.6 Earth Magic
 * Level 3.5 Evocations


You had 16 spell levels left.
You knew the following spells:

 Your Spells              Type           Power        Failure   Level  Hunger
a - Lee's Rapid Deconstr  Erth           ######....   1%          5    None
b - Searing Ray           Conj           ######       0%          2    None
c - Sandblast             Erth           ######       1%          1    None
d - Fulminant Prism       Conj/Hex       ######....   1%          4    None
e - Iskenderun's Mystic   Conj/Tloc      ######..     1%          4    None
f - Blink                 Tloc           N/A          2%          2    None
g - Fireball              Conj/Fire      ######....   1%          5    None
h - Iron Shot             Conj/Erth      #######...   1%          6    ##.....

Your spell library contained the following spells:

 Spells                   Type           Power        Failure   Level  Hunger
 Magic Dart               Conj           ####         0%          1    None
 Animate Skeleton         Necr           N/A          1%          1    None
 Pain                     Necr           ####         1%          1    None
 Sting                    Tmut/Pois      ####         1%          1    None
 Slow                     Hex            ####....     1%          2    None
 Conjure Flame            Conj/Fire      ######..     1%          3    None
 Dazzling Flash           Conj/Hex       ######       1%          3    None
 Ignite Poison            Fire/Tmut/Pois ####....     1%          3    None
 Mephitic Cloud           Conj/Pois/Air  ######..     1%          3    None
 Call Imp                 Summ           ####....     2%          2    None
 Poisonous Vapours        Pois/Air       ####..       2%          2    None
 Vampiric Draining        Necr           ####......   4%          3    None
 Olgreb's Toxic Radiance  Pois           ####....     4%          4    None
 Animate Dead             Necr           N/A          16%         4    None
 Agony                    Necr           ####....     38%         5    None


Dungeon Overview and Level Annotations

Branches:
Dungeon (13/15)            Temple (1/1) D:6            Lair (6/6) D:10
 Shoals (0/4) Lair:4       Spider (3/4) Lair:4        Slime (0/5) Lair:5
    Orc (0/2) D:12          Sewer (visited)          Bailey (visited)
 Vaults: D:13-14

Altars:
Ashenzari
Cheibriados
Dithmenos
Elyvilon
Fedhas
Gozag
Hepliaklqana
Kikubaaqudgha
Makhleb
Nemelex Xobeh
Okawaru
Qazlal
Ru
Sif Muna
Trog
Uskayaw
Vehumet
Wu Jian
Xom
Yredelemnul
Zin
The Shining One
Jiyva

Shops:
D:5 *   D:12 ([}

Annotations:
D:12 exclusion: downstairs
D:13 !wizard


Innate Abilities, Weirdness & Mutations

You can breathe blasts of noxious fumes.
Your lurid green scales are hard. (AC +9)
You cannot fit into any form of body armour.
Your tail ends in a poisonous barb.
Your system is resistant to poisons. (rPois)
You are cold-blooded and may be slowed by cold attacks.


Message History

The wolf spider barely misses you. The tarantella barely misses you.
The redback bites you.
You are more poisoned.
The redback poisons you! The wolf spider hits you! The wolf spider misses you.
You block the wolf spider's attack. The wolf spider closely misses you.
You block the redback's attack. The wolf spider hits you!
The wolf spider bites you but does no damage.
The tarantella bites you!
You are confused.
The redback bites you but does no damage.
In your confused state, you trip and fall back down the stairs.
You feel extremely sick. The wolf spider completely misses you.
The wolf spider barely misses you. The wolf spider completely misses you.
The wolf spider closely misses you.
The jumping spider leaps!
The redback bites you!
* * * LOW HITPOINT WARNING * * *
The wolf spider misses you. x2; The tarantella bites you!!
* * * LOW HITPOINT WARNING * * *
The redback barely misses you. The wolf spider hits you!!
You die...

.........
.............^#≈^..!..<.
...............≈....°.s.
...............≈≈....s..
................≈#......
...(..^........≈#[....
##............. ###>..
##.^ss.s....... ....
#....○@s...... ....
#.....sss......
^...s.#(.^..$..
......#........ .....
#........ .....
#........ .... #........
.^s. #..^.....


You could see 3 wolf spiders, an orb spider (wandering), a jumping spider, a
tarantella and 3 redbacks.

Vanquished Creatures
  2 emperor scorpions
  A ghost moth (Spider:1)
  2 entropy weavers
  4 hydras
  2 vault guards (D:13)
  A catoblepas (D:13)
  5 two-headed ogres
  4 death yaks
  A queen ant (Lair:2)
  An unseen horror (shapeshifter) (D:13)
  An unseen horror (D:11)
  3 skeletal warriors
  5 orc knights
  2 orc sorcerers (D:10)
  4 ugly things
  A manticore (D:11)
  4 orb spiders
  15 wolf spiders
  A cyclops (D:13)
  A moth of wrath (Spider:1)
  Maurice (D:11)
  6 elephants
  8 black mambas
  A torpor snail (Spider:2)
  12 spiny frogs
  7 demonic crawlers
  3 kobold demonologists (D:13)
  11 komodo dragons
  2 yaktaurs
  5 polar bears
  3 trolls
  11 jumping spiders
  7 hornets
  11 blink frogs
  6 slime creatures (D:12)
  8 hippogriffs
  A dream sheep (Lair:6)
  3 vampires
  16 redbacks
  13 spriggans
  11 tarantellas
  47 yaks
  A human (D:13)
  2 hungry ghosts (D:12)
  5 vampire mosquitoes
  Menkaure (D:4)
  20 soldier ants
  12 water moccasins
  4 porcupines
  3 sky beasts
  Purgy (Sewer)
  2 ice beasts (D:12)
  19 orc warriors
  5 black bears
  A necrophage (D:10)
  3 phantoms
  4 boggarts (Lair:6)
  11 ogres
  6 centaurs
  26 wolves
  15 crocodiles
  4 big kobolds
  A wyvern zombie (D:10)
  12 bullfrogs
  A gnoll sergeant (D:13)
  4 scorpions
  7 killer bees
  A water moccasin skeleton (D:12)
  4 wights (D:7)
  3 howler monkeys
  4 electric eels
  10 crimson imps
  3 centaur skeletons
  3 bullfrog zombies
  2 centaur zombies
  5 hounds
  A jelly (D:8)
  2 gnoll shamans
  9 orc priests
  13 orc wizards
  2 bullfrog skeletons
  3 iguanas
  27 worker ants
  A hound skeleton (D:5)
  2 howler monkey zombies
  3 worker ant zombies
  19 gnolls
  15 adders
  3 shadow imps (D:10)
  An ooze (D:3)
  2 adder skeletons
  4 worms
  2 dart slugs
  4 leopard geckos
  84 orcs
  2 ball pythons
  4 giant cockroaches
  6 hobgoblins
  10 jackals
  9 quokkas
  7 bats
  10 frilled lizards
  8 goblins
  13 kobolds
  7 rats
  2 fulminant prisms
  2 fungi (Lair:5)
  A plant (Lair:5)
736 creatures vanquished.

Vanquished Creatures (collateral kills)
  A redback (Spider:2)
1 creature vanquished.

Vanquished Creatures (others)
  189 fulminant prisms
  19 fungi
  7 plants
  4 toadstools (D:13)
219 creatures vanquished.

Grand Total: 956 creatures vanquished

Notes
Turn   | Place    | Note
-------+----------+-------------------------------------------
     0 | D:1      | CrazyMind the Draconian Conjurer began the quest for the
                  | Orb.
     0 | D:1      | Reached XP level 1. HP: 14/14 MP: 3/3
   182 | D:1      | Reached XP level 2. HP: 20/20 MP: 1/5
   244 | D:1      | Learned a level 2 spell: Searing Ray
   578 | D:1      | Reached XP level 3. HP: 26/26 MP: 2/6
  1088 | D:2      | Found an opulent altar of Gozag.
  1090 | D:2      | Found a radiant altar of Vehumet.
  1114 | D:2      | Became a worshipper of Vehumet
  1256 | D:2      | Reached skill level 5 in Conjurations
  1605 | D:2      | Reached XP level 4. HP: 29/33 MP: 0/7
  2359 | D:3      | Reached * piety under Vehumet
  2359 | D:3      | Offered knowledge of Sandblast by Vehumet.
  2362 | D:3      | Learned a level 1 spell: Sandblast
  2601 | D:3      | Reached XP level 5. HP: 38/38 MP: 6/9
  3108 | D:3      | Found a white marble altar of Elyvilon.
  3172 | D:4      | Reached skill level 3 in Spellcasting
  3175 | D:4      | Reached skill level 1 in Earth Magic
  3298 | D:4      | Found a glowing drain.
  3299 | D:4      | Noticed Menkaure
  3311 | D:4      | Killed Menkaure
  3311 | D:4      | Reached XP level 6. HP: 45/45 MP: 6/11
  3337 | Sewer    | Entered a sewer
  3457 | Sewer    | Noticed Purgy
  3462 | Sewer    | Killed Purgy
  3605 | D:4      | Reached skill level 4 in Spellcasting
  3605 | D:4      | Your scales start taking on a lurid green colour.
  3605 | D:4      | Reached XP level 7. HP: 32/51 MP: 4/13
  3605 | D:4      | Gained mutation: Your system is resistant to poisons.
                  | (rPois) [Green Draconian growth]
  3853 | D:4      | Reached ** piety under Vehumet
  3853 | D:4      | Offered knowledge of Foxfire by Vehumet.
  4063 | D:4      | Found a shattered altar of Ashenzari.
  4695 | D:5      | Entered Level 5 of the Dungeon
  4830 | D:5      | Reached skill level 5 in Spellcasting
  4908 | D:5      | Found Fittoiqi's General Store.
  4930 | D:5      | Reached skill level 1 in Fighting
  4930 | D:5      | Reached XP level 8. HP: 59/59 MP: 11/15
  5131 | D:5      | Found a glowing golden altar of the Shining One.
  5389 | D:6      | Found a staircase to the Ecumenical Temple.
  5399 | Temple   | Entered the Ecumenical Temple
  5754 | D:6      | Found a stormy altar of Qazlal.
  6324 | D:6      | Reached skill level 6 in Spellcasting
  6603 | D:6      | Noticed a moth of wrath
  6606 | D:6      | Found a bloodstained altar of Trog.
  6650 | D:6      | Found a burning altar of Makhleb.
  6653 | D:6      | Offered knowledge of Static Discharge by Vehumet.
  6875 | D:7      | Found a shadowy altar of Dithmenos.
  7051 | D:7      | Reached XP level 9. HP: 14/68 MP: 12/18
  7057 | D:7      | Learned a level 4 spell: Fulminant Prism
  7392 | D:7      | Learned a level 4 spell: Iskenderun's Mystic Blast
  7395 | D:7      | Learned a level 2 spell: Blink
  7436 | D:7      | Reached *** piety under Vehumet
  7450 | D:7      | Reached skill level 7 in Spellcasting
  7685 | D:7      | Offered knowledge of Ignite Poison by Vehumet.
  7740 | D:7      | Reached skill level 5 in Dodging
  7791 | D:7      | Reached skill level 1 in Throwing
  8207 | D:8      | Found a flagged portal.
  8211 | D:8      | Identified the +8 spear of Autumn {drain, rC- Dex+4 SInv}
                  | (You found it on level 8 of the Dungeon)
  8217 | Bailey   | Entered a bailey
  8225 | Bailey   | Reached skill level 5 in Fighting
  8229 | Bailey   | Reached **** piety under Vehumet
  8357 | Bailey   | Offered knowledge of Lightning Bolt by Vehumet.
  8363 | Bailey   | Reached skill level 8 in Spellcasting
  8363 | Bailey   | Reached XP level 10. HP: 81/81 MP: 16/22
  8458 | Bailey   | Noticed an orc knight
  8468 | Bailey   | Killed an orc knight
  8486 | Bailey   | Noticed an orc knight
  8506 | Bailey   | Noticed an orc knight
  8548 | Bailey   | Killed an orc knight
  8548 | Bailey   | Reached skill level 1 in Hexes
  8706 | Bailey   | Noticed an orc knight
  8712 | Bailey   | Killed an orc knight
  8730 | Bailey   | Killed an orc knight
  8730 | Bailey   | Reached skill level 9 in Spellcasting
  9354 | D:8      | Found a shimmering altar of Xom.
  9625 | D:8      | Reached ***** piety under Vehumet
 10161 | D:4      | Found a blossoming altar of Fedhas.
 10567 | D:9      | Offered knowledge of Spellforged Servitor by Vehumet.
 10690 | D:9      | Reached skill level 10 in Conjurations
 10864 | D:9      | Found an iron altar of Okawaru.
 10963 | D:9      | Found a sparkling altar of Nemelex Xobeh.
 11272 | D:10     | Entered Level 10 of the Dungeon
 11596 | D:10     | Reached XP level 11. HP: 66/89 MP: 18/24
 11923 | D:10     | Reached skill level 10 in Spellcasting
 11968 | D:10     | Noticed a seven-headed hydra
 12016 | D:10     | Killed a seven-headed hydra
 12052 | D:10     | Noticed an orc sorcerer
 12242 | D:10     | Found a sacrificial altar of Ru.
 12249 | D:10     | Found a staircase to the Lair.
 12311 | D:10     | Noticed an orc sorcerer
 12312 | D:10     | Identified the +5 morningstar of Equilibrium {drain, MR+}
 12312 | D:10     | Noticed an orc knight
 12333 | D:10     | Killed an orc sorcerer
 12392 | D:10     | Killed an orc sorcerer
 12393 | D:10     | Killed an orc knight
 12676 | Lair:1   | Entered Level 1 of the Lair of Beasts
 13582 | Lair:1   | Reached skill level 11 in Spellcasting
 13589 | Lair:1   | Offered knowledge of Fireball by Vehumet.
 13627 | Lair:1   | Learned a level 5 spell: Fireball
 14042 | Lair:1   | Reached skill level 5 in Earth Magic
 14301 | Lair:2   | Reached XP level 12. HP: 60/96 MP: 19/27
 14661 | Lair:2   | Reached skill level 1 in Fire Magic
 14942 | Lair:2   | Reached skill level 12 in Spellcasting
 15032 | Lair:2   | Noticed a queen ant
 15077 | Lair:2   | Killed a queen ant
 16229 | Lair:3   | Reached skill level 13 in Spellcasting
 16627 | Lair:3   | Offered knowledge of Starburst by Vehumet.
 17316 | Lair:4   | Noticed an eight-headed hydra
 17920 | Lair:4   | Found a staircase to the Shoals.
 18484 | Lair:4   | Found a hole to the Spider Nest.
 18667 | Lair:4   | Killed an eight-headed hydra
 19189 | Lair:5   | Reached XP level 13. HP: 89/103 MP: 26/30
 19672 | Lair:4   | Reached skill level 1 in Maces & Flails
 20035 | Lair:5   | Found a viscous altar of Jiyva.
 20035 | Lair:5   | Found a staircase to the Slime Pits.
 20148 | Lair:5   | Got a flickering platinum ring
 20149 | Lair:5   | Identified the cursed ring of Tazobifo {MP+9 Str-4} (You
                  | found it on level 5 of the Lair of Beasts)
 20766 | Lair:6   | Entered Level 6 of the Lair of Beasts
 20804 | Lair:5   | Reached skill level 14 in Spellcasting
 21676 | Lair:6   | Reached skill level 1 in Shields
 22279 | Lair:6   | Offered knowledge of Lee's Rapid Deconstruction by Vehumet.
 22302 | Lair:5   | Learned a level 5 spell: Lee's Rapid Deconstruction
 25359 | Lair:6   | Gained mutation: Your tail ends in a poisonous barb. [Green
                  | Draconian growth]
 25359 | Lair:6   | Reached XP level 14. HP: 113/113 MP: 27/32
 26578 | D:11     | Identified the +8 dagger of the Pits of Slime {speed, rF-
                  | rN+ Stlth+}
 26578 | D:11     | Noticed Maurice
 26597 | D:11     | Killed Maurice
 26929 | D:11     | Paralysed by a hornet for 1 turns
 27805 | D:12     | Found Atryghoi's Weapon Emporium.
 27875 | D:12     | Found a staircase to the Orcish Mines.
 27878 | D:12     | Found Gesseaz's Armour Shop.
 27883 | D:12     | Bought a scarf of repulsion for 168 gold pieces
 28744 | D:12     | Found Xunuvulo's Gadget Emporium.
 29050 | D:12     | Reached ****** piety under Vehumet
 29251 | D:12     | Offered knowledge of Iron Shot by Vehumet.
 29261 | D:12     | Learned a level 6 spell: Iron Shot
 30896 | D:13     | Reached skill level 15 in Spellcasting
 31162 | D:12     | Identified a scroll of acquirement
 31163 | D:12     | Acquired a scarf of resistance
 31245 | Lair:1   | Reached XP level 15. HP: 123/123 MP: 34/34
 31367 | Spider:1 | Entered Level 1 of the Spider Nest
 32679 | Spider:1 | Reached skill level 1 in Evocations
 33014 | Spider:1 | Noticed a ghost moth
 33018 | Spider:1 | Killed a ghost moth
 33361 | Spider:1 | Reached XP level 16. HP: 120/130 MP: 18/35
 33667 | Spider:1 | Acquired the amulet "Useunn" {Acrobat rPois rF++ rC+ Dex+3}
 34942 | Spider:2 | Reached skill level 5 in Maces & Flails
 36666 | Spider:2 | Reached skill level 5 in Shields
 37168 | Spider:3 | Slain by a wolf spider

Illustrated notes

Levels and vault maps discovered:
D:1:      wander_arrival_chamber, layout_basic
D:2:      kb_forest_paths, layout_basic,
          chequers_temple_overflow_statue_of_worship
D:3:      layout_loops_ring, nicolae_overflow_hidden_temple
D:4:      layout_basic, evilmike_ruin_ashenzari, fedhas_bush_and_centaur_altar,
          gup_sewer_entry_glass, minmay_quadrilaterals, uniq_menkaure
D:5:      layout_rooms, lemuel_doored_altar, first_ration, serial_shops,
          kennysheep_mini
D:6:      layout_basic, makhleb_heckhound_becter, old_standard_altar, tgw_trog,
          minmay_temple_entry_tees
D:7:      layout_loops_ring, grunt_dithmenos_smoke
D:8:      layout_layer_cave, nicolae_overflow_crystal_walls, enter_bailey_2,
          serial_rivers, chequers_serial_rivers_large_a,
          chequers_serial_rivers_micro_e, chequers_serial_rivers_micro_e,
          chequers_serial_rivers_room_b, chequers_serial_rivers_marsh
D:9:      layout_rooms, nemelex_xobeh_ov_fountains_minmay,
          lemuel_coloured_pillars_altar, blue_anna_alchemist
          [blue_anna_fruit_fields, blue_anna_fruit_fields],
          chequers_serial_rivers_micro_d
D:10:     minmay_the_grid_3x2 [minmay_the_grid_doors, minmay_the_grid_expand,
          minmay_the_grid_gridbox, minmay_the_grid_garden,
          minmay_the_grid_armoury,
          minmay_the_grid_prize_four_corners_diamond_b], layout_irregular_city,
          lair_entry_dummy, nicolae_ru_sacrificial_ziggurat
D:11:     layout_rooms, special_room [special_room_orc], uniq_maurice
D:12:     layout_cave_pods, orc_0_dummy, serial_shops, kennysheep_little_box,
          shop, shop_coins, minmay_fractal_squares_gapless_5
D:13:     layout_rooms, grunt_vaults_entry_fortified, minmay_gold_behind_fungi
Temple:   jpeg_temple_island
Lair:1:   layout_gridlike, minivault_19
Lair:2:   layout_hall_layers, minivault_29, grunt_megastairs_4
Lair:3:   layout_long_grid, grunt_megastairs_3
Lair:4:   layout_cave_pods, shoals_dummy_entry, spider_nest_entry_funnel_web,
          patterned_corridor, infiniplex_staircase_pool, serial_bayou_shore_b
Lair:5:   layout_gridlike, slime_altar_1
Lair:6:   minmay_lair_end_enchanted_forest, layout_long_grid
Spider:1: layout_spider_delve, drop_trap
Spider:2: layout_spider_delve
Spider:3: layout_spider_delve, uniq_agnes

Skill      XL: |  1  2  3  4  5  6  7  8  9 10 11 12 13 14 15 16 |
---------------+-------------------------------------------------+-----
Dodging        | 2 3 4 5 6 7 8 9 |  9.6
Conjurations   | 5 6 7 8 10 11 12 13 14 | 14.2
Spellcasting   | 3 4 5 6 8 9 11 13 14 15 | 15.3
Earth Magic    | 1 2 3 5 7 8 |  8.6
Fighting       | 1 2 5 6 7 8 9 |  9.0
Throwing       | 1 2 |  2.0
Stealth        | 2 |  2.0
Hexes          | 1 |  1.0
Fire Magic     | 1 2 3 |  3.4
Maces & Flails | 1 3 4 5 |  5.0
Shields        | 3 4 5 |  5.0
Evocations     | 1 3 |  3.5

Action                   |  1- 3 |  4- 6 |  7- 9 | 10-12 | 13-15 | 16-18 || total
-------------------------+-------+-------+-------+-------+-------+-------++-------
Melee: Hand axe          |     3 |       |       |       |       |       ||     3
       Dagger            |     5 |    35 |    13 |       |       |       ||    53
       Tailslap          |       |     3 |     9 |     3 |    29 |     8 ||    52
       Falchion          |       |       |    50 |    15 |       |       ||    65
       Staff             |       |       |       |     2 |     1 |       ||     3
       Morningstar       |       |       |       |     6 |   283 |    63 ||   352
       Spear             |       |       |       |       |    26 |       ||    26
Throw: Stone             |     1 |     2 |     1 |       |       |       ||     4
       Dart              |       |       |     3 |    15 |    35 |    52 ||   105
       Boomerang         |       |       |    17 |     8 |    18 |     1 ||    44
       Javelin           |       |       |     2 |       |       |       ||     2
 Cast: Magic Dart        |    40 |    43 |    21 |    19 |       |       ||   123
       Searing Ray       |    14 |    13 |    56 |   114 |   129 |     9 ||   335
       Sandblast         |       |       |     4 |    49 |    10 |       ||    63
       Fulminant Prism   |       |       |     9 |   103 |    74 |     5 ||   191
       Iskenderun's Myst |       |       |       |     8 |    18 |       ||    26
       Fireball          |       |       |       |     6 |    28 |     6 ||    40
       Blink             |       |       |       |     1 |     2 |     4 ||     7
       Iron Shot         |       |       |       |       |    44 |    42 ||    86
       Lee's Rapid Decon |       |       |       |       |     7 |       ||     7
 Abil: Breathe Noxious F |       |       |     2 |     1 |     1 |     1 ||     5
       Evoke Flight      |       |       |       |     1 |       |       ||     1
Evoke: Wand              |       |       |       |       |     1 |       ||     1
  Use: Scroll            |       |     6 |     2 |    15 |     6 |     1 ||    30
       Potion            |       |       |       |     2 |     2 |     1 ||     5
 Stab: Distracted        |     1 |       |       |       |       |       ||     1
       Sleeping          |       |     2 |     1 |     1 |     4 |       ||     8
  Eat: Chunk             |     3 |     6 |    16 |    28 |    34 |     9 ||    96
       Ration            |       |       |       |     1 |     4 |     1 ||     6
Armor: Skin              |     4 |    15 |    28 |    45 |   212 |    55 ||   359
Dodge: Dodged            |    11 |    28 |    77 |   126 |   569 |   201 ||  1012
       Repelled          |       |       |       |       |     8 |     1 ||     9
Block: Buckler           |       |       |       |       |    93 |    54 ||   147
       Rpst.: Falchion   |       |       |    26 |     2 |       |       ||    28
